 Dungeon Crawl Stone Soup version 0.22-a0-448-g1fb7470 (webtiles) character file.

249 xccam the Changer (level 5, 0/40 HPs)
             Began as a Draconian Transmuter on June 4, 2018.
             Killed from afar by an orc wizard (9 damage)
             ... with a puff of flame
             ... on level 3 of the Dungeon.
             The game lasted 00:06:52 (2592 turns).

xccam the Changer (Draconian Transmuter)            Turns: 2592, Time: 00:06:53

Health: 0/40       AC:  2    Str: 13    XL:     5   Next: 87%
Magic:  6/10       EV: 19    Int: 13    God:
Gold:   190        SH:  0    Dex: 17    Spells: 5/11 levels left

rFire    . . .     SeeInvis .     - Unarmed
rCold    . . .     Gourm    .   (shield currently unavailable)
rNeg     . . .     Faith    .   (armour unavailable)
rPois    x         Spirit   .   (helmet currently unavailable)
rElec    .         Reflect  .   (cloak currently unavailable)
rCorr    .         Harm     .   (gloves currently unavailable)
MR       .....                  (boots currently unavailable)
Stlth    ++........             (no amulet)
HPRegen  0.13/turn              (no ring)
MPRegen  0.12/turn              (no ring)

@: spider-form
A: tiny, unfitting armour, AC +5
a: End Transformation


You were on level 3 of the Dungeon.
You were hungry.
You were a venomous arachnid creature.
You visited 1 branch of the dungeon, and saw 4 of its levels.

You collected 190 gold pieces.

Inventory:

Missiles
 a - 108 arrows
Armour
 i - a +0 cloak (melded)
Jewellery
 j - an uncursed ring of ice
Scrolls
 e - 2 scrolls of remove curse
 h - 2 scrolls of teleportation {unknown}
Potions
 b - a potion of flight {unknown}
 d - a potion of invisibility
 f - a potion of mutation {unknown}
 g - a potion of curing
 n - a potion of cancellation {unknown}
 p - 2 potions of might {unknown}
Comestibles
 c - 8 rations


   Skills:
 - Level 1.1 Fighting
 - Level 1.7 Dodging
 + Level 3.9 Unarmed Combat
 * Level 3.9 Spellcasting
 * Level 4.1 Transmutations


You had 5 spell levels left.
You knew the following spells:

 Your Spells              Type           Power        Failure   Level  Hunger
a - Beastly Appendage     Tmut           ##....       12%         1    None
b - Sticks to Snakes      Tmut           ##......     16%         2    ##.....
c - Spider Form           Tmut/Pois      #.........   47%         3    ###....

Your spell library contained the following spells:

 Spells                   Type           Power        Failure   Level  Hunger
 Blade Hands              Tmut           ##........   87%         5    ######.
 Ice Form                 Ice/Tmut       #.......     83%         4    ####...


Dungeon Overview and Level Annotations

Branches:
Dungeon (4/15)
 Temple: D:4-7

Altars:
Elyvilon
Uskayaw

Annotations:
D:4 2 transporters


Innate Abilities, Weirdness & Mutations

((Your plain brown scales are hard. (AC +5)))
You cannot fit into any form of body armour.
((You are cold-blooded and may be slowed by cold attacks.))


Message History

Casting: Spider Form (safe; 26% risk of failure)
Confirm with . or Enter, or press ? or * to list all spells.
You turn into a venomous arachnid creature.
Your +0 cloak melds into your body.
You are feeling hungry.
The iguana barely misses you.
The orc wizard gestures at you while chanting.
The magic dart hits you!
* * * LOW HITPOINT WARNING * * *
You hit the iguana.
The iguana is moderately wounded.
The orc wizard closely misses you. The iguana misses you.
The orc wizard misses you.
Unknown command.
You hit the iguana.
The iguana is poisoned.
The iguana is moderately wounded.
The iguana closely misses you.
The orc wizard gestures at you while chanting.
The puff of flame hits you!
You die...

####.....#..###.# ####
#....#.<....# #.# ...#
######(....## #.# ...#
##.##.# #.# ...#
#.....####.# ...#
#..........# ####
#..#########
#####################....#
...............osl.......#
รท########.###########..#+##
..........# #......#
..........# #......#
..........# #......#
..........# #......#
##.###....##########......#
#.# #....#........#......#
##+###....#........########


You could see an iguana and an orc wizard.

Vanquished Creatures
  Blork the orc (D:4)
  An orc priest (D:4)
  Jessica (D:3)
  A worker ant (D:4)
  2 adders
  3 worms
  5 leopard geckos
  5 orcs
  3 giant cockroaches
  6 goblins
  3 hobgoblins
  6 jackals
  5 kobolds
  7 bats
  5 frilled lizards
  5 rats
59 creatures vanquished.

Vanquished Creatures (collateral kills)
  An adder (D:2)
  2 worms (D:2)
  A giant cockroach (D:3)
  A kobold (D:3)
5 creatures vanquished.

Grand Total: 64 creatures vanquished

Notes
Turn   | Place    | Note
-------+----------+-------------------------------------------
     0 | D:1      | xccam the Draconian Transmuter began the quest for the Orb.
     0 | D:1      | Reached XP level 1. HP: 16/16 MP: 3/3
   383 | D:2      | Reached XP level 2. HP: 23/23 MP: 3/5
   446 | D:1      | Learned a level 2 spell: Sticks to Snakes
   760 | D:2      | Reached XP level 3. HP: 7/28 MP: 4/6
  1667 | D:3      | Reached skill level 3 in Transmutations
  1807 | D:3      | Reached XP level 4. HP: 25/35 MP: 8/8
  1940 | D:3      | Found a hide-covered altar of Uskayaw.
  1954 | D:3      | Noticed Jessica
  1966 | D:3      | Killed Jessica
  2210 | D:4      | Reached XP level 5. HP: 25/40 MP: 7/10
  2216 | D:4      | Learned a level 3 spell: Spider Form
  2371 | D:4      | Found a transporter.
  2373 | D:4      | Noticed Blork the orc
  2386 | D:4      | Killed Blork the orc
  2386 | D:4      | Reached skill level 4 in Transmutations
  2423 | D:4      | Found a transporter.
  2461 | D:4      | Noticed a kobold demonologist
  2522 | D:4      | Found a white marble altar of Elyvilon.
  2592 | D:3      | Killed from afar by an orc wizard

Vault maps used:
D:1:      elethiomel_arrival_shortcut
D:2:      serial_glass, glass_columns_b, glass_columns_a
D:3:      lemuel_doored_altar, feat_on_display, uniq_jessica
D:4:      gammafunk_wand_slinger, elyvilon_altar_1, uniq_blork_the_orc

Skill      XL: |  1  2  3  4  5 |
---------------+----------------+-----
Transmutations | 3 4 |  4.1
Spellcasting   | 3 |  3.9
Fighting       | |  1.1
Dodging        | |  1.7
Unarmed Combat | |  3.9

Action                   |  1- 3 |  4- 6 || total
-------------------------+-------+-------++-------
Melee: Unarmed           |   146 |   102 ||   248
       Tailslap          |    13 |    11 ||    24
       Kick              |     8 |     7 ||    15
       Headbutt          |     2 |     1 ||     3
       Punch             |     2 |     1 ||     3
 Cast: Beastly Appendage |    12 |     7 ||    19
       Sticks to Snakes  |     4 |     1 ||     5
       Spider Form       |       |     3 ||     3
  Use: Potion            |     2 |     1 ||     3
       Scroll            |       |     7 ||     7
 Stab: Distracted        |     1 |     1 ||     2
  Eat: Chunk             |     3 |     3 ||     6
Armor: Skin              |    52 |    31 ||    83
Dodge: Dodged            |    97 |    74 ||   171

Table legend:
 A = Spawn XP
 B = Non-spawn XP
 C = Spawn XP percentage of total XP
 D = Spawn monster count
 E = Non-spawn monster count
 F = Spawn count percentage of total count
 G = Total turns spent on level
                    A         B        C        D         E        F      G
               +---------+---------+-------+---------+---------+-------+---------
         Total |       0 |     357 |   0.0 |       0 |      64 |   0.0 |  2592
               +---------+---------+-------+---------+---------+-------+---------
           D:1 |       0 |      11 |   0.0 |       0 |       6 |   0.0 |   838
           D:2 |       0 |      62 |   0.0 |       0 |      22 |   0.0 |   565
           D:3 |       0 |      94 |   0.0 |       0 |      25 |   0.0 |   796
           D:4 |       0 |     190 |   0.0 |       0 |      11 |   0.0 |   393
               +---------+---------+-------+---------+---------+-------+---------
